 Dungeon Crawl Stone Soup version 0.29.1-12-g30fa7ad0bf (webtiles) character file.

Game seed: 11422131160814018339

620 wormed the Trooper (level 7, -3/54 HPs)
             Began as a Djinni Fire Elementalist on Dec 22, 2022.
             Slain by an iron imp (7 damage)
             ... summoned by Eustachio
             ... on level 5 of the Dungeon.
             The game lasted 00:13:59 (6483 turns).

wormed the Trooper (Djinni Fire Elementalist)       Turns: 6483, Time: 00:13:59

Health: -3/54      AC:  5    Str:  7    XL:     7   Next: 74%
Gold:   283        EV: 12    Int: 18    God:
                   SH:  0    Dex: 14

rFire   + + .      SeeInvis .   h - +2 dagger (venom)
rCold   . . .      Faith    .   (no shield)
rNeg    . . .      Spirit   .   a - +0 robe
rPois   ∞          Reflect  .   x - +1 helmet
rElec   .          Harm     .   y - +0 cloak
rCorr   .          Rampage  .   (no gloves)
Will    .....                   (boots unavailable)
Stlth   ++........              (no amulet)
HPRegen 0.18/turn               u - ring of protection from cold
MPRegen 0.00/turn               (no ring)

@: flying, very slightly contaminated
A: sickness immunity, fire resistance 2, cold vulnerability 1, float, innate
caster, HP casting, extra vitality 1
a: no special abilities


You were on level 5 of the Dungeon.
You visited 1 branch of the dungeon, and saw 5 of its levels.

You collected 283 gold pieces.

Inventory:

Hand Weapons
 h - a +2 dagger of venom (weapon)
Armour
 a - a +0 robe (worn)
 l - a +0 helmet
 x - a +1 helmet (worn)
 y - a +0 cloak (worn)
Jewellery
 u - a ring of protection from cold (left hand)
Scrolls
 c - a scroll of amnesia {unknown}
 d - a scroll of poison {unknown}
 f - a scroll of vulnerability {unknown}
 g - 2 scrolls of enchant weapon
 i - 2 scrolls of blinking {unknown}
 j - 2 scrolls of fear {unknown}
 k - 3 scrolls of teleportation {unknown}
 m - a scroll of identify {unknown}
 n - 2 scrolls of magic mapping {unknown}
 s - a scroll of torment {unknown}
Potions
 b - a potion of attraction
 e - a potion of might
 o - a potion of experience {unknown}
 p - a potion of berserk rage {unknown}
 q - 3 potions of cancellation {unknown}
 r - a potion of magic {unknown}
 t - a potion of heal wounds {unknown}
 v - 2 potions of flight {unknown}
 w - a potion of lignification {unknown}


   Skills:
 + Level 5.3 Fighting
 - Level 2.1 Dodging
 - Level 1.5 Stealth
 + Level 4.8 Spellcasting


You couldn't memorise any spells.
You knew the following spells:

 Your Spells              Type           Power      Damage    Failure   Level
a - Foxfire               Conj/Fire      84%        2x1d8     1%          1
b - Scorch                Fire           42%        2d7       2%          2
c - Conjure Flame         Conj/Fire      21%        6-21      5%          3
d - Inner Flame           Hex/Fire       21%        N/A       5%          3
e - Flame Wave            Conj/Fire      21%        2d8       19%         4
f - Shock                 Conj/Air       84%        1d8       1%          1
g - Ensorcelled Hibernat  Hex/Ice        42%        N/A       2%          2
h - Summon Guardian Gole  Hex/Summ       21%        N/A       5%          3
Your spell library was empty.

Dungeon Overview and Level Annotations

Branches:
Dungeon (5/15)
 Temple: D:4-7

Altars:

Shops:
D:1 *

Annotations:
D:5 Eustachio


Innate Abilities, Weirdness & Mutations

You are immune to sickness and miasma.
You are immune to poison.
Your flesh is very heat resistant. (rF++)
You are vulnerable to cold. (rC-)
You float through the air rather than walking.
You learn spells naturally, not from books.
Your magical power is your life essence.
You have superior vitality. (+4 MHP)


Message History

You miscast Scorch.
You are very lightly contaminated with residual magic.
Nothing appears to happen.
Your guardian golem is engulfed in blazing flames.
Flame seeps out of your guardian golem.
The iguana barely misses your guardian golem.
Eustachio casts a spell.
Casting: Scorch (safe; 2% risk of failure)
Confirm with . or Enter, or press ? or * to list all spells.
Okay, then.
Casting: Scorch (safe; 2% risk of failure)
Confirm with . or Enter, or press ? or * to list all spells.
The spell is quite dangerous to miscast (19% risk of failure)!
Continue anyway?
Casting: Flame Wave (quite dangerous; 19% risk of failure)
Press: ? - help, Dir - look around, f - activate A wave of flame ripples out!
The flame wave engulfs the iron imp.
The iron imp completely resists.
The flame wave engulfs the iron imp.
The iron imp completely resists. (Press . to intensify the flame waves.)
The iron imp disappears in a puff of smoke!
The iron imp hits you!
* * * LOW HITPOINT WARNING * * *
The iguana barely misses your guardian golem.
Casting: Scorch (safe; 2% risk of failure)
Press: ? - help, Q - select action, (/) - cycle Dir - look around, f - activate Flames lash Eustachio.
Eustachio is burned terribly!
Eustachio is almost dead.
* * * LOW HITPOINT WARNING * * *
The iron imp closely misses you. The iguana bites your guardian golem.
Flame seeps out of your guardian golem.
Eustachio hits you with a +2 rapier of venom.
* * * LOW HITPOINT WARNING * * *
Casting: Scorch (safe; 2% risk of failure)
Press: ? - help, Q - select action, (/) - cycle Dir - look around, f - activate Flames lash the ufetubus.
The ufetubus is burned terribly!
You kill the ufetubus!
The ufetubus disappears in a puff of smoke!
* * * LOW HITPOINT WARNING * * *
The iron imp hits you!
You die...

....####..##........##
#.#
#....##...##........#
#.#
####.##.#.##.#####..##
#.# # #.#.......#
##...# #.# #.....#...#
#....# #.# ##..#..#..#
##5#..# #.# #..##.#..#
#§.#..# #.# #..#
.#..###@###.#### ....
..l9..5@...>....
##.#####.....#####[..#
#.# ....... ##.. ..#
....... .. .......
......? .......
#####.#


You could see Eustachio (combustible), an iguana (ally target), an iron imp
(summoned), a shadow imp (summoned) and a friendly guardian golem (summoned,
inner flame).

Vanquished Creatures
  A water moccasin (D:4)
  Pargi (D:3)
  An ogre (D:4)
  A scorpion (D:5)
  A jelly (D:4)
  An orc priest (D:4)
  2 orc wizards
  Robin (D:1)
  3 adders
  A gnoll (D:4)
  A worm (D:2)
  4 dart slugs
  13 orcs
  3 ball pythons
  6 endoplasms
  5 giant cockroaches
  18 goblins
  12 hobgoblins
  7 jackals
  7 kobolds
  3 quokkas
  9 bats
  4 frilled lizards
  4 rats
109 creatures vanquished.

Vanquished Creatures (others)
  27 foxfires
  3 fungi (D:2)
  A plant (D:2)
31 creatures vanquished.

Grand Total: 140 creatures vanquished

Notes
Turn   | Place    | Note
-------+----------+-------------------------------------------
     0 | D:1      | wormed the Djinni Fire Elementalist began the quest for the
                  | Orb.
     0 | D:1      | wormed set off with the following spells memorised:
                  | Foxfire, Scorch, Conjure Flame, Inner Flame, Flame Wave.
     0 | D:1      | Reached XP level 1. HP: 15/15 MP: 0/0
   235 | D:1      | Reached XP level 2. HP: 8/22 MP: 0/0
   278 | D:1      | Reached skill level 1 in Fighting
  1139 | D:1      | Reached XP level 3. HP: 22/27 MP: 0/0
  1139 | D:1      | Learned a level 1 spell: Shock
  1191 | D:1      | Found Zisteg's General Store.
  1660 | D:1      | Reached skill level 2 in Fighting
  2026 | D:2      | Reached XP level 4. HP: 18/33 MP: 0/0
  2759 | D:2      | Found a faded altar of an unknown god.
  2912 | D:3      | Noticed Robin
  2946 | D:3      | Noticed Pargi
  2953 | D:3      | Killed Pargi
  2954 | D:3      | Reached skill level 3 in Fighting
  2954 | D:3      | Reached XP level 5. HP: 23/40 MP: 0/0
  2954 | D:3      | Learned a level 2 spell: Ensorcelled Hibernation
  3267 | D:2      | HP: 1/40 [Robin/+1 spectral club (2)]
  3275 | D:1      | Killed Robin
  3922 | D:3      | Reached XP level 6. HP: 38/46 MP: 0/0
  4647 | D:4      | Reached skill level 4 in Fighting
  4676 | D:4      | Noticed a water moccasin
  4682 | D:4      | Killed a water moccasin
  4683 | D:4      | Reached XP level 7. HP: 39/53 MP: 0/0
  4683 | D:4      | Learned a level 3 spell: Summon Guardian Golem
  5026 | D:4      | Reached skill level 5 in Fighting
  6231 | D:5      | Entered Level 5 of the Dungeon
  6462 | D:5      | Noticed Eustachio
  6483 | D:5      | Slain by an iron imp

Illustrated notes

Levels and vault maps discovered:
D:1:      scummos_arrival_gate, layout_basic, serial_shops,
          nicolae_shop_competitors_out_of_business, st_stairs_2
D:2:      cheibrodos_helix_gallery, layout_basic,
          shapermc_ecumenical_altar_mp_ritualfount, grunt_decor_clamped
D:3:      layout_rooms, uniq_pargi, uniq_robin
D:4:      layout_gridville, st_stairs_5
D:5:      layout_rooms, uniq_eustachio

Skill      XL: |  1  2  3  4  5  6  7 |
---------------+----------------------+-----
Fighting       | 1 2 3 4 5 |  5.3
Spellcasting   | 3 4 |  4.8
Dodging        | |  2.1
Stealth        | |  1.5

Action                   |  1- 3 |  4- 6 |  7- 9 || total
-------------------------+-------+-------+-------++-------
Melee: Unarmed           |     1 |       |       ||     1
       Dagger            |       |     4 |       ||     4
 Cast: Foxfire           |     8 |     6 |       ||    14
       Scorch            |    38 |    65 |    48 ||   151
       Flame Wave        |       |     1 |     1 ||     2
       Conjure Flame     |       |     1 |       ||     1
       Summon Guardian G |       |       |     8 ||     8
  Use: Potion            |       |     3 |       ||     3
       Scroll            |       |     2 |       ||     2
Armor: Robe              |     2 |     9 |       ||    11
Dodge: Dodged            |    10 |    40 |     7 ||    57
